 Dungeon Crawl Stone Soup version 0.31.0-12-g77e489cdc1 (webtiles) character file.

Game seed: 7878934207601775196

68619 sking99 the Myrmidon (level 15, -9/80 HPs)
             Began as a Vine Stalker Fighter on Feb 28, 2024.
             Was an Elder of Okawaru.
             Killed from afar by a kobold blastminer (28 damage)
             ... with an iron shot
             ... on level 1 of the Orcish Mines on Feb 29, 2024.
             The game lasted 00:39:41 (15107 turns).

sking99 the Myrmidon (Vine Stalker Fighter)        Turns: 15107, Time: 00:39:42

Health: -9/80      AC: 23    Str: 25    XL:     15   Next: 27%
Magic:  0/25       EV:  6    Int:  8    God:    Okawaru [****..]
Gold:   1053       SH: 11    Dex: 15    Spells: 14/14 levels left

rFire   . .          .
                       - Unarmed
rCold   . . .        L - +0 kite shield
rNeg    . . .        J - +0 plate armour
rPois   .            r - +2 helmet
rElec   .            K - +1 cloak
rCorr   .            (no gloves)
SInv    .            w - +0 pair of boots
Will    +....        s - amulet of magic regeneration Stlth
                     a - +4 ring of protection
HPRegen 1.13/turn    z - +4 ring of slaying
MPRegen 0.59/turn

%: guardian spirit
@: no status effects
A: fangs 3, regeneration 1, magic shield, antimagic bite, no potion heal 2
a: Renounce Religion, Heroism, Finesse


You were on level 1 of the Orcish Mines.
You worshipped Okawaru.
Okawaru was greatly pleased with you.
You visited 4 branches of the dungeon, and saw 17 of its levels.
You also visited: Sewer and Bailey.

You collected 1053 gold pieces.

Inventory:

Missiles
 I - 2 throwing nets
 N - 9 boomerangs (quivered)
 P - 3 atropa-tipped darts
Armour
 r - a +2 helmet (worn)
 w - a +0 pair of boots (worn)
 J - a +0 plate armour (worn)
 K - a +1 cloak (worn)
 L - a +0 kite shield (worn)
Jewellery
 a - a +4 ring of protection (left hand)
 i - a ring of ice
 j - a ring of resist corrosion
 q - an amulet of reflection
 s - an amulet of magic regeneration (around neck)
 z - a +4 ring of slaying (right hand)
 A - a +6 ring of dexterity
 H - a +6 ring of strength
Wands
 h - a wand of flame (73)
 y - a wand of roots (40)
 B - a wand of paralysis (15)
 M - a wand of digging (3)
 R - a wand of polymorph (3)
Scrolls
 b - 3 scrolls of blinking
 e - a scroll of noise
 g - 9 scrolls of teleportation
 l - 2 scrolls of enchant armour
 m - 2 scrolls of enchant weapon
 n - 5 scrolls of fog
 v - 4 scrolls of identify
 x - a scroll of amnesia
 C - a scroll of revelation
 D - a scroll of vulnerability {unknown}
 E - a scroll of poison
 Q - a scroll of fear {unknown}
 S - 2 scrolls of brand weapon {unknown}
 U - a scroll of torment
Potions
 c - a potion of might
 d - 9 potions of curing
 f - a potion of lignification
 k - 2 potions of resistance {unknown}
 o - 3 potions of haste
 p - 3 potions of mutation
 t - 4 potions of degeneration {unknown}
 u - 4 potions of invisibility {unknown}
 F - a potion of ambrosia {unknown}
 G - 2 potions of brilliance {unknown}
 O - 4 potions of attraction {unknown}
 T - a potion of cancellation {unknown}


   Skills:
 + Level 9.7 Fighting
 - Level 12.0 Throwing
 + Level 5.9 Armour
 + Level 8.2 Shields
 + Level 12.0 Unarmed Combat
 - Level 12.0 Invocations
 - Level 8.0 Evocations


You had 14 spell levels left.
You didn't know any spells.
Your spell library contained the following spells:

 Spells                   Type           Power      Damage    Failure   Level
 Apportation              Tloc           0%         N/A       100%        1
 Magic Dart               Conj           0%         1d3       100%        1
 Blink                    Tloc           0%         N/A       100%        2
 Cigotuvi's Dreadful Rot  Necr/Alch/Air  0%         N/A       100%        2
 Ensorcelled Hibernation  Hex/Ice        0%         N/A       100%        2
 Jinxbite                 Hex            0%         N/A       100%        2
 Sublimation of Blood     Necr           0%         N/A       100%        2
 Fugue of the Fallen      Necr           0%         N/A       100%        3
 Inner Flame              Hex/Fire       0%         N/A       100%        3
 Sigil of Binding         Hex            0%         N/A       100%        3
 Anguish                  Hex/Necr       0%         N/A       100%        4
 Cause Fear               Hex            0%         N/A       100%        4
 Dimensional Bullseye     Hex/Tloc       0%         N/A       100%        4
 Dispel Undead            Necr           0%         3d6       100%        4
 Alistair's Intoxication  Alch           0%         N/A       100%        5
 Fireball                 Conj/Fire      0%         3d3       100%        5
 Irradiate                Conj/Alch      0%         3d11      100%        5
 Ignition                 Fire           0%         3d3       100%        8
 Call Imp                 Summ           Unusable   N/A       N/A         2
 Call Canine Familiar     Summ           Unusable   N/A       N/A         3
 Martyr's Knell           Necr/Summ      Unusable   N/A       N/A         4
 Death Channel            Necr           Unusable   N/A       N/A         6
 Summon Hydra             Summ           Unusable   N/A       N/A         7
 Dragon's Call            Summ           Unusable   N/A       N/A         9

Dungeon Overview and Level Annotations

Branches:
Dungeon (10/15)            Temple (1/1) D:6            Lair (5/5) D:8
  Swamp (0/4) Lair:3       Spider (0/4) Lair:2        Slime (0/5) Lair:5
    Orc (1/2) D:10          Sewer (visited)          Bailey (visited)

Altars:
Ashenzari
Cheibriados
Dithmenos
Elyvilon
Fedhas
Gozag
Hepliaklqana
Kikubaaqudgha
Makhleb
Nemelex Xobeh
Okawaru
Qazlal
Ru
Sif Muna
Trog
Uskayaw
Vehumet
Wu Jian
Xom
Yredelemnul
Zin
The Shining One

Annotations:
Lair:2 1 runed translucent door, JaaP's ghost, journeyman HOMo


Innate Abilities, Weirdness & Mutations

You have razor-sharp teeth.
Your natural rate of healing is unusually fast.
When hurt, damage is shared between your health and your magic reserves.
Your bite disrupts and absorbs the magic of your enemies.
Potions cannot restore your health.


Message History

You hit the kobold blastminer but do no damage.
The kobold blastminer is lightly wounded.
The kobold blastminer closely misses you.
You punch the kobold blastminer! You bite the kobold blastminer!
You drain its power.
You feel invigorated.
The kobold blastminer is severely wounded.
The kobold blastminer blasts its cannon at you.
The iron shot hits you!!
* * * LOW HITPOINT WARNING * * *
You closely miss the kobold blastminer.
The kobold blastminer is severely wounded.
The kobold blastminer completely misses you.
You punch the kobold blastminer!
You kill the kobold blastminer!
Okawaru accepts your kill.
The kobold blastminer shoots an arrow.
The arrow hits you!
* * * LOW HITPOINT WARNING * * *
Aiming: Polymorph
Press: ? - help, Shift-Dir - straight line, f - orc warrior
Aim: an orc warrior, wielding a +0 halberd and wearing a +0 chain mail (will become a wolf, a bullfrog, or an endoplasm, chance to affect: 67%)
Okay, then.
Aiming: Throw Flame
Press: ? - help, Shift-Dir - straight line, f - orc warrior
Aim: an orc warrior, wielding a +0 halberd and wearing a +0 chain mail (73% to hit)
The puff of flame hits the orc warrior.
The orc warrior is lightly wounded.
Aiming: Throw Flame
Press: ? - help, Shift-Dir - straight line, f - kobold blastminer, p - orc warrior
Aim: a kobold blastminer, wielding a +0 orcbow (heavily wounded, 64% to hit)
The puff of flame misses the kobold blastminer.
The kobold blastminer shoots an arrow.
The arrow hits you but does no damage. You block the orc warrior's attack.
Aiming: Throw Flame
Press: ? - help, Shift-Dir - straight line, f/p - kobold blastminer
Aim: a kobold blastminer, wielding a +0 orcbow (heavily wounded, 64% to hit)
The puff of flame hits the kobold blastminer!
The kobold blastminer is severely wounded.
The kobold blastminer blasts its cannon at you.
The iron shot hits you!!!
You die...

... ..... ....#..
#..........
######.....#...#
##.#.............
##............>..#
##)@.o.............
#........K............
##.##..$.....)........
##........><)........
#..........[)........
$$............[.......
#.................$...
##.........$........##
.........#......##


You could see a kobold blastminer and an orc warrior.

Vanquished Creatures
  A fire dragon (Lair:5)
  2 vault guards (Bailey)
  6 hydras
  Erica (D:7)
  A catoblepas (Lair:1)
  2 boulder beetles
  18 death yaks
  A fire crab (Lair:5)
  2 skysharks (Lair:3)
  2 bog bodies
  A lindwurm (Lair:5)
  An oklob plant (Lair:2)
  Maurice (D:8)
  2 kobold blastminers (Orc:1)
  14 black mambas
  18 elephants
  7 molten gargoyles
  A torpor snail (Lair:2)
  13 cane toads
  An unseen horror (D:10)
  2 rime drakes (Lair:4)
  The ghost of Yehuk the Trooper, a novice GrMo of Okawaru (D:5)
  12 komodo dragons
  A troll (D:10)
  4 polar bears
  13 blink frogs
  A hornet (D:8)
  Prince Ribbit (Bailey)
  2 dream sheep (Lair:1)
  9 wyverns
  46 yaks
  2 humans (Bailey)
  A warg (D:10)
  8 basilisks
  Edmund (D:5)
  Menkaure (D:5)
  2 acid dragons
  3 hell hounds (Lair:5)
  19 water moccasins
  2 sky beasts
  2 ice beasts (D:5)
  2 black bears
  7 orc warriors
  10 centaurs
  3 ogres
  A crocodile (Sewer)
  28 wolves
  2 phantoms (D:5)
  3 kobold brigands
  25 bullfrogs
  2 gnoll sergeants
  9 wights
  7 electric eels (D:8)
  6 howler monkeys
  5 lava snakes (Lair:5)
  A jelly (D:4)
  7 orc priests
  A bombardier beetle (D:4)
  A hound (D:7)
  A gnoll bouda (D:7)
  Ijyb (D:5)
  4 sleepcaps
  2 iguanas
  14 orc wizards
  5 hell rats
  7 adders
  14 gnolls
  A shadow imp (D:7)
  2 white imps
  6 ufetubi
  4 dart slugs
  4 ribbon worms
  38 orcs
  3 endoplasms
  2 giant cockroaches
  13 goblins
  6 hobgoblins
  13 jackals
  9 ball pythons
  4 bats
  3 frilled lizards
  23 kobolds
  13 rats
540 creatures vanquished.

Vanquished Creatures (others)
  A hell rat (Lair:3)
  An orc (Orc:1)
2 creatures vanquished.

Grand Total: 542 creatures vanquished

Notes
Turn   | Place    | Note
-------+----------+-------------------------------------------
     0 | D:1      | sking99 the Vine Stalker Fighter began the quest for the
                  | Orb.
     0 | D:1      | Reached XP level 1. HP: 11/11 MP: 2/2
    72 | D:1      | Reached XP level 2. HP: 16/16 MP: 3/3
   325 | D:1      | Reached XP level 3. HP: 20/20 MP: 4/4
   876 | D:2      | Found a faded altar of an unknown god.
  1034 | D:2      | Reached XP level 4. HP: 23/24 MP: 5/5
  1528 | D:3      | Reached XP level 5. HP: 16/28 MP: 6/6
  2193 | D:4      | Noticed a black bear
  2217 | D:4      | Killed a black bear
  2218 | D:4      | Reached skill level 5 in Unarmed Combat
  2218 | D:4      | Reached XP level 6. HP: 20/33 MP: 4/7
  2459 | D:4      | Found a glowing drain.
  2519 | Sewer    | Entered a sewer
  2704 | D:4      | Reached XP level 7. HP: 28/38 MP: 6/8
  3020 | D:5      | Entered Level 5 of the Dungeon
  3425 | D:5      | Noticed Ijyb
  3438 | D:5      | Killed Ijyb
  3480 | D:5      | Noticed Menkaure
  3485 | D:5      | Killed Menkaure
  3486 | D:5      | Gained mutation: You have razor-sharp teeth. [Vine Stalker
                  | growth]
  3486 | D:5      | Reached XP level 8. HP: 27/42 MP: 6/9
  3533 | D:5      | Reached skill level 5 in Fighting
  3610 | D:5      | Found a runed translucent gate.
  3611 | D:5      | Found a runed translucent gate.
  3612 | D:5      | Found a runed translucent gate.
  3613 | D:5      | Noticed Yehuk's ghost (novice GrMo)
  3833 | D:5      | Noticed Edmund
  3849 | D:5      | Killed Edmund
  3850 | D:5      | Reached skill level 5 in Shields
  4090 | D:6      | Reached XP level 9. HP: 27/48 MP: 4/10
  4174 | D:6      | Found a staircase to the Ecumenical Temple.
  4184 | Temple   | Found a transporter.
  4184 | Temple   | Found a transporter.
  4184 | Temple   | Found a transporter.
  4184 | Temple   | Found a transporter.
  4184 | Temple   | Entered the Ecumenical Temple
  4200 | Temple   | Became a worshipper of Warmaster Okawaru
  4577 | D:7      | Found a shadowy altar of Dithmenos.
  4635 | D:7      | Found a radiant altar of Vehumet.
  4709 | D:7      | Reached * piety under Okawaru
  4805 | D:7      | Found a flagged portal.
  4812 | D:7      | Reached skill level 1 in Invocations
  4817 | Bailey   | Entered a bailey
  4894 | Bailey   | Reached XP level 10. HP: 28/53 MP: 10/13
  4934 | Bailey   | Noticed a vault guard
  4934 | Bailey   | Noticed Prince Ribbit
  4941 | Bailey   | Killed Prince Ribbit
  4941 | Bailey   | Reached ** piety under Okawaru
  4945 | Bailey   | Killed a vault guard
  4946 | Bailey   | Reached skill level 10 in Unarmed Combat
  4993 | Bailey   | Noticed a vault guard
  5003 | Bailey   | Killed a vault guard
  5003 | Bailey   | Reached *** piety under Okawaru
  5230 | D:7      | Found a shimmering blue altar of Sif Muna.
  5617 | D:8      | Noticed Erica
  5625 | D:7      | Killed Erica
  5635 | D:8      | Noticed Maurice
  5651 | D:8      | Killed Maurice
  5651 | D:8      | Reached **** piety under Okawaru
  5667 | D:8      | Reached XP level 11. HP: 58/58 MP: 14/14
  5915 | D:8      | Reached skill level 5 in Armour
  6736 | D:8      | Found a staircase to the Lair.
  7269 | D:9      | Found a sacrificial altar of Ru.
  7308 | D:9      | Found a white marble altar of Elyvilon.
  7341 | D:9      | Reached skill level 5 in Invocations
  7673 | D:10     | Entered Level 10 of the Dungeon
  7673 | D:10     | Found a staircase to the Orcish Mines.
  7861 | D:5      | Killed Yehuk's ghost
  7862 | D:5      | Reached XP level 12. HP: 58/65 MP: 19/19
  8056 | D:10     | Reached skill level 1 in Evocations
  8917 | Lair:1   | Entered Level 1 of the Lair of Beasts
  9186 | Lair:1   | Reached ***** piety under Okawaru
  9210 | Lair:1   | Found the +7 Kryia's mail coat {PotionHeal*2 rC+}
  9360 | Lair:1   | Received a gift from Okawaru
  9367 | Lair:1   | Reached skill level 5 in Evocations
  9530 | Lair:1   | Noticed a catoblepas
  9539 | Lair:1   | Killed a catoblepas
  9808 | Lair:2   | Received a gift from Okawaru
  9845 | Lair:2   | Found a hole to the Spider Nest.
 10023 | Lair:2   | Noticed a six-headed hydra
 10024 | Lair:2   | Noticed an eight-headed hydra
 10031 | Lair:2   | Killed a six-headed hydra
 10040 | Lair:2   | Killed an eight-headed hydra
 10041 | Lair:2   | Reached XP level 13. HP: 46/70 MP: 16/20
 10146 | Lair:2   | Reached skill level 10 in Invocations
 10310 | Lair:2   | Received a gift from Okawaru
 10335 | Lair:2   | Found a runed translucent door.
 10335 | Lair:2   | Found a shimmering altar of Xom.
 10335 | Lair:2   | Noticed JaaP's ghost (journeyman HOMo)
 10336 | Lair:2   | Identified the +10 long sword "Ogreslayer" {chaos, Int+2}
 10918 | Lair:3   | Reached skill level 1 in Throwing
 11487 | Lair:3   | Found a staircase to the Swamp.
 11509 | Lair:3   | Received a gift from Okawaru
 11515 | Lair:3   | Found a basalt altar of Yredelemnul.
 11585 | Lair:3   | Identified the +2 orcbow "Tattletale" {elec, rElec}
 12176 | Lair:3   | Reached skill level 5 in Throwing
 12431 | Lair:4   | Reached XP level 14. HP: 63/75 MP: 24/24
 12485 | Lair:4   | Received a gift from Okawaru
 12901 | Lair:4   | Identified the +3 dagger of Xom's Vengeance {drain, ^Drain
                  | Will++}
 13076 | Lair:5   | Entered Level 5 of the Lair of Beasts
 13221 | Lair:5   | Received a gift from Okawaru
 13306 | Lair:5   | Found a large runed translucent door.
 13379 | Lair:5   | Found a large runed translucent door.
 13398 | Lair:5   | Reached skill level 10 in Throwing
 13533 | Lair:5   | Found a staircase to the Slime Pits.
 13659 | Lair:5   | Received a gift from Okawaru
 13832 | Lair:5   | Reached XP level 15. HP: 65/79 MP: 25/25
 13915 | Lair:5   | Received a gift from Okawaru
 14797 | Orc:1    | Entered Level 1 of the Orcish Mines
 15107 | Orc:1    | Killed from afar by a kobold blastminer

Illustrated notes

Levels and vault maps discovered:
D:1:      minmay_arrival_solitary_statue, layout_loops_ring, minmay_hexomino_f4
D:2:      layout_basic, ebering_ecumenical_altar_mist
D:3:      layout_loops_cross, serial_park_tiny_2, hellmonk_no_cap
D:4:      layout_basic, mainiacjoe_sewer_entry_somewhere_in_here_2,
          bh_walls_and_bars
D:5:      layout_loops_ring, ebering_ghost_rock_garden, minmay_crystal_water,
          uniq_ijyb, uniq_menkaure, uniq_edmund
D:6:      layout_gridville, temple_fountains
D:7:      layout_gridville, mainiacjoe_overflow_paths,
          mainiacjoe_overflow_24_doors, kennysheep_orc_sif_temple,
          enter_bailey_2
D:8:      minmay_octagon_keep, layout_basic, david_lair_shrubbed,
          kennysheep_boxes, uniq_erica, uniq_maurice
D:9:      layout_roguey, mainiacjoe_overflow_large_starburst, minivault_8
D:10:     nicolae_whirlpool, layout_cross
Temple:   hellmonk_temple_divided_pantheon
Lair:1:   layout_loops_ring
Lair:2:   layout_regular_city, dummy_spider_entry, ebering_ghost_xom,
          minmay_shattered_shrine, grunt_megastairs_2, serial_bayou_shore_b
Lair:3:   beargit_carnivore_pack, layout_chaotic_city,
          skrybe_swamp_entry_bodies, basic_altar, beast_lair_carwin_5,
          lemuel_fruit_tree, grunt_megastairs_1
Lair:4:   layout_misc_corridors
Lair:5:   cheibrodos_lair_end_hotspot, layout_loops_ring, slime_entry_1
Orc:1:    cheibrodos_orc_arena, layout_caves, serial_shops,
          nicolae_shop_bloodbath_and_beyond, uniq_erolcha

Skill      XL: |  1  2  3  4  5  6  7  8  9 10 11 12 13 14 15 |
---------------+----------------------------------------------+-----
Fighting       | 3 4 5 6 7 8 9 |  9.7
Unarmed Combat | 3 4 5 6 8 9 11 12 | 12.0
Shields        | 3 4 5 6 7 8 |  8.2
Armour         | 3 4 5 |  5.9
Invocations    | 3 8 12 | 12.0
Evocations     | 8 |  8.0
Throwing       | 5 11 12 | 12.0

Action                     |  1- 3 |  4- 6 |  7- 9 | 10-12 | 13-15 || total
---------------------------+-------+-------+-------+-------+-------++-------
  Melee: Unarmed           |   103 |   190 |   249 |   501 |   783 ||  1826
         Bite              |    17 |    51 |    76 |   164 |   344 ||   652
  Throw: Boomerang         |       |       |       |       |    19 ||    19
 Invoke: Heroism           |       |       |     2 |    14 |    20 ||    36
         Finesse           |       |       |       |     2 |     3 ||     5
  Evoke: Wand              |       |       |       |     8 |     3 ||    11
    Use: Scroll            |       |       |    14 |     2 |       ||    16
         Potion            |       |       |       |     1 |     2 ||     3
 Armour: Scale mail        |    56 |       |       |       |       ||    56
         Chain mail        |     6 |   164 |   184 |    70 |       ||   424
         Plate armour      |       |       |       |   389 |   704 ||  1093
  Dodge: Dodged            |    34 |    74 |    86 |   119 |   195 ||   508
  Block: Buckler           |    18 |    56 |    60 |    51 |       ||   185
         Kite shield       |       |       |       |   202 |   525 ||   727
